 Dungeon Crawl Stone Soup version bcrawl-1.21.3 (webtiles) character file.

Game seed: 16034886356856598312

22654 MisterOstroum the Martial Artist (level 13, -8/98 HPs)
             Began as a Gnoll Transmuter on Apr 4, 2020.
             Was a Priest of Sif Muna.
             Mangled by a yak (12 damage)
             ... led by a torpor snail
             ... on level 5 of the Lair of Beasts on Apr 5, 2020.
             The game lasted 00:22:30 (16474 turns).

MisterOstroum the Martial Artist (GnTm)            Turns: 16474, Time: 00:22:31

Health: -8/98      AC:  7    Str: 12    XL:     13   Next: 1%
Magic:  22/26      EV: 22    Int: 21    God:    Sif Muna [***...]
Gold:   881        SH:  0    Dex: 16    Spells: 16/30 levels left

rFire    + . .     SeeInvis .     - Unarmed
rCold    x . .     Gourm    .   (shield currently unavailable)
rNeg     . . .     Faith    .   G - +0 leather armour
rPois    .         Spirit   .   H - +1 helmet
rElec    .         Reflect  .   Q - scarf {stasis}
rCorr    .         Harm     .   (gloves currently unavailable)
MR       .....                  B - +0 pair of boots {Fly}
Stlth    ++++......             i - amulet of the acrobat
HPRegen  0.26/turn              D - +4 ring of evasion
MPRegen  0.20/turn              b - ring of fire

@: blade hands (expiring), flying, studying Short Blades, divine energy
A: distributed training, fangs 1, strong nose
a: End Transformation, Stop Divine Energy, Channel Magic, Renounce Religion,
Stop Flying


You were on level 5 of the Lair of Beasts.
You worshipped Sif Muna.
Sif Muna was most pleased with you.
You were not hungry.
You had blades for hands.
You visited 3 branches of the dungeon, and saw 14 of its levels.
You also visited: Ice Cave.

You collected 935 gold pieces.
You spent 54 gold pieces at shops.

Inventory:

Missiles
 a - 779 arrows
 c - 54 exploding tomahawks
 m - 2015 stones (quivered)
 t - 943 sling bullets
 u - 85 tomahawks
 y - 359 bolts
 L - 149 poisoned tomahawks
Armour
 B - a +0 pair of boots of flying (worn)
 F - a +0 buckler of cold resistance (melded)
 G - a +0 leather armour (worn)
 H - a +1 helmet (worn)
 Q - a scarf of stasis (worn)
 R - a +2 medium shield of poison resistance
Jewellery
 b - a ring of fire (right scythe-like blade)
 i - an amulet of the acrobat (around neck)
 x - an uncursed ring of ice
 C - an uncursed ring of insulation
 D - a +4 ring of evasion (left scythe-like blade)
 K - an uncursed ring of see invisible
 S - a +3 ring of evasion
 V - an uncursed amulet of rage
Wands
 g - a wand of polymorph (24)
 s - a wand of digging (12)
 M - a wand of paralysis (17)
 P - a wand of clouds (6)
 W - a wand of flame (28)
Scrolls
 j - 3 scrolls of amnesia
 k - 7 scrolls of remove curse {@r2}
 l - 2 scrolls of fear
 p - a scroll of blinking {unknown}
 q - 2 scrolls of teleportation {@r3 !r}
 r - a scroll of immolation {unknown}
 v - 2 scrolls of enchant armour
 w - 2 scrolls of fog {!r}
 z - 2 scrolls of magic mapping {@r5 !r}
 J - a scroll of torment {unknown}
Potions
 d - 2 potions of lignification {@q6}
 f - a potion of agility {@q5 !q}
 h - a potion of brilliance
 n - 3 potions of heal wounds {@q2 !q}
 o - 2 potions of ambrosia
 A - 6 potions of curing {@q1 !q}
 E - 4 potions of haste
 N - 2 potions of might {@q3 !q}
 O - 3 potions of mutation
 U - a potion of invisibility
 X - 2 potions of cancellation
 Y - 2 potions of flight
 Z - a potion of resistance
Books
 I - a manual of Short Blades
Miscellaneous
 T - a lamp of fire
Comestibles
 e - 21 rations {!d}


   Skills:
 + Level 8.2 Fighting
 + Level 10.0 Short Blades
 + Level 7.7 Long Blades
 + Level 7.7 Axes
 + Level 7.7 Maces & Flails
 + Level 7.7 Polearms
 + Level 7.7 Staves
 + Level 7.7 Slings
 + Level 7.7 Bows
 + Level 7.7 Crossbows
 + Level 7.7 Throwing
 + Level 7.7 Armour
 + Level 9.0 Dodging
 + Level 7.7 Stealth
 + Level 7.7 Shields
 + Level 10.1 Unarmed Combat
 + Level 9.2 Spellcasting
 + Level 6.4 Conjurations
 + Level 6.4 Hexes
 + Level 6.4 Charms
 + Level 6.4 Summonings
 + Level 6.4 Necromancy
 + Level 6.4 Translocations
 + Level 7.5 Transmutations
 + Level 6.4 Fire Magic
 + Level 6.4 Ice Magic
 + Level 6.4 Air Magic
 + Level 6.4 Earth Magic
 + Level 6.4 Poison Magic
 + Level 8.4 Invocations
 + Level 7.7 Evocations


You had 16 spell levels left.
You knew the following spells:

 Your Spells              Type           Power        Failure   Level  Hunger
b - Sticks to Snakes      Tmut           #####...     12%         2    None
c - Spider Form           Tmut/Pois      ###          19%         3    None
d - Ice Form              Ice/Tmut       #####...     32%         4    ##.....
e - Blade Hands           Tmut           #####.....   47%         5    #####..

Your spell library contained the following spells:

 Spells                   Type           Power        Failure   Level  Hunger
 Throw Frost              Conj/Ice       #####.       6%          2    None
 Beastly Appendage        Tmut           #####.       11%         1    None
 Freeze                   Ice            #####.       13%         1    None
 Infusion                 Chrm           #####...     13%         1    None
 Magic Dart               Conj           ####         13%         1    None
 Summon Small Mammal      Summ           ####         13%         1    None
 Blink                    Tloc           N/A          14%         2    None
 Call Imp                 Summ           #####.       14%         2    None
 Ensorcelled Hibernation  Hex/Ice        #####.       14%         2    None
 Flaming Arrows           Chrm/Fire      ######..     14%         2    None
 Song of Slaying          Chrm           #####...     14%         2    None
 Swiftness                Chrm/Air       #####...     14%         2    None
 Call Canine Familiar     Summ           #####...     21%         3    None
 Conjure Flame            Conj/Fire      ######..     21%         3    None
 Iskenderun's Mystic Bla  Conj           #####...     21%         3    None
 Mephitic Cloud           Conj/Pois/Air  #####...     21%         3    None
 Ozocubu's Armour         Chrm/Ice       #####...     21%         3    None
 Summon Ice Beast         Ice/Summ       #####...     36%         4    ##.....
 Throw Icicle             Conj/Ice       #####...     36%         4    ##.....
 Agony                    Necr           #####...     58%         5    #####..
 Fireball                 Conj/Fire      ######....   58%         5    #####..
 Iskenderun's Battlesphe  Conj/Chrm      #####...     58%         5    #####..
 Piercing Shot            Chrm           #####.....   58%         5    #####..
 Silence                  Hex/Air        #####.....   58%         5    #####..
 Summon Lightning Spire   Summ/Air       #####...     58%         5    #####..
 Infestation              Hex/Tmut/Pois  #####....    93%         6    ######.
 Bolt of Fire             Conj/Fire      ######....   95%         6    ######.
 Borgnjor's Vile Clutch   Necr/Erth      #####.....   95%         6    ######.
 Darkness                 Hex            #####.....   95%         6    ######.
 Death Channel            Chrm/Necr      #####.....   95%         6    ######.
 Deflect Missiles         Chrm/Air       #####.....   95%         6    ######.
 Shadow Creatures         Summ           N/A          95%         6    ######.
 Steam Barrier            Chrm/Fire      ######....   95%         6    ######.
 Discord                  Hex            #####.....   100%        8    #######
 Glaciate                 Conj/Ice/Air   #####.....   100%        8    #######
 Time Stop                Chrm/Tloc      N/A          100%        8    #######


Dungeon Overview and Level Annotations

Branches:
Dungeon (8/12)             Temple (1/1) D:4            Lair (5/6) D:8
 Shoals (0/3) Lair:4       Spider (0/3) Lair:2
  Slime: Lair:5-6       Orc: D:8-11

Altars:
Ashenzari
Cheibriados
Dithmenos
Elyvilon
Gozag
Hepliaklqana
Lugonu
Makhleb
Nemelex Xobeh
Okawaru
Qazlal
Ru
Sif Muna
Trog
Uskayaw
Vehumet
Wu Jian
Xom
Yredelemnul
Zin
The Shining One

Shops:
D:4 [   D:7 =

Annotations:
Lair:2 2 transporters, dragosica's ghost, journeyman MiFi
Lair:3 exclusions: hydra and 3 oklob plants
Lair:4 3 runed translucent doors, Tunlugh's ghost, adept GrEE


Innate Abilities, Weirdness & Mutations

Your experience applies equally to all skills.
You have very sharp teeth.
Your uncanny sense of smell can sniff out nearby items.


Message History

No target in view!
No target in view!
No target in view!
No target in view!
No target in view!
HP restored.
You now have 866 gold pieces (gained 23).
S - a ring of evasion You pick up a book of Minor Magic and begin reading...
You add the spells Magic Dart, Blink, Conjure Flame and Mephitic Cloud to your library.
You now have 881 gold pieces (gained 15).
A cane toad comes into view.
Found a potion of mutation.
A cane toad is nearby!
A cane toad is nearby!
A yak comes into view.
Found 128 arrows.
A yak comes into view.
Found a potion of might.
A yak comes into view.
A torpor snail comes into view.
Being near the torpor snail leaves you feeling lethargic.
The helpless cane toad fails to defend itself.
You pummel the cane toad!! You freeze the cane toad.
The cane toad is severely wounded.
The yak bellows!
You hear a bellow! x2
The cane toad barely misses you.
A yak comes into view. x2
The yak bellows! x2
You hit the cane toad but do no damage.
The cane toad is severely wounded.
The cane toad hits you but does no damage.
The cane toad closely misses you.
You pummel the cane toad!!
The cane toad seems to slow down.
You freeze the cane toad.
You kill the cane toad!
Sif Muna accepts your kill.
Your Short Blades skill increases to level 10!
You have reached level 13!
A crocodile comes into view.
The crocodile puts on a burst of speed!
Casting: Ice Form (safe; 4% risk of failure)
Confirm with . or Enter, or press ? or * to list all spells.
You warm up again.
Your scarf of stasis unmelds from your body.
Your +1 helmet unmelds from your body.
Your +0 pair of boots of flying unmelds from your body.
Your +0 buckler of cold resistance unmelds from your body.
Your +0 leather armour unmelds from your body.
You fly up into the air.
You feel resistant to cold.
Your hands turn into razor-sharp scythe blades.
Your +0 buckler of cold resistance melds into your body.
You feel less resistant to cold.
You are starving!
You feel yourself speed up. The yak gores you.
You slash the yak! Your bite misses the yak.
The yak is moderately wounded.
The yak gores the bush but does no damage.
The yak completely misses you. The yak closely misses you.
You eat one of the 22 rations {!d}.
That ration really hit the spot!
The yak gores the bush but does no damage.
The yak completely misses you.
You slash the yak!
The yak is severely wounded.
The yak gores you! The yak barely misses you. The yak gores you!
The yak barely misses you.
You slice the yak!!
You kill the yak!
Sif Muna accepts your kill. The yak completely misses you. The yak misses you.
You slice the yak!! You bite the yak, but do no damage.
The yak is heavily wounded.
The yak gores you!
You slice the yak!!
The yak is almost dead.
The yak closely misses you. The yak gores you but does no damage.
The yak closely misses you.
You hit the torpor snail.
You bite the torpor snail, but do no damage.
The torpor snail is lightly wounded.
The yak closely misses you. The yak gores you! The torpor snail bites you!
The crocodile barely misses you.
Unknown command.
You slice the torpor snail!!
The torpor snail is heavily wounded.
The yak gores you!
* * * LOW HITPOINT WARNING * * *
The yak completely misses you. The yak barely misses you.
You hit the torpor snail.
The torpor snail is heavily wounded.
Your transformation is almost over.
The crocodile closely misses you. The torpor snail bites you!
* * * LOW HITPOINT WARNING * * *
The yak gores you!
* * * LOW HITPOINT WARNING * * *
The yak barely misses you. The yak gores you.
* * * LOW HITPOINT WARNING * * *
The yak gores you!
You die...

#......................
#......................
##....##.P......
#.......#....#
##....#..#...#∆
##.......#.#..##
#...............#
#.........t.....P
##......Y@Y!.....
#......YwY......
#.........#..P...
#......#....P....
##.....##.P(.....
##!... #........ #..^
......... ##. .........


You could see a torpor snail, 4 yaks and a crocodile.

Vanquished Creatures
  A catoblepas (Lair:3)
  A hydra (Lair:2)
  Nergalle (Lair:4)
  Pikel (D:4)
  The ghost of Quickbrownfox the Ducker, a novice MiAc (D:6)
  The ghost of yrara the Cudgeler, a novice DsFi (D:5)
  3 elephants (Lair:2)
  A manticore (D:8)
  2 ice statues (IceCv)
  2 black mambas
  9 cane toads
  A rime drake (Lair:3)
  The ghost of Quickbrownfox the Sneak, a novice OpAc of Dithmenos (D:5)
  A komodo dragon (D:8)
  8 ice devils (IceCv)
  A troll (D:8)
  5 blink frogs (Lair:4)
  A hippogriff (D:7)
  A shadow (D:8)
  A redback (Lair:2)
  Sigmund (D:2)
  A vampire (D:5)
  4 hogs (D:8)
  A human (D:8)
  A hungry ghost (D:6)
  19 yaks
  4 basilisks
  2 crocodiles
  5 water moccasins
  2 orc warriors (D:8)
  Duvessa (D:7)
  2 ice beasts
  9 porcupines
  A slave (Temple)
  A black bear (Lair:3)
  A necrophage (D:6)
  5 ogres
  5 wolves (Lair:3)
  A centaur (D:8)
  9 bullfrogs
  A big kobold (D:8)
  Dowan (D:7)
  A water moccasin zombie (D:8)
  2 howler monkeys
  An electric eel (Lair:5)
  5 crimson imps
  A centaur zombie (D:6)
  A quasit (D:8)
  5 hounds
  A gnoll shaman (D:8)
  2 orc priests (D:5)
  3 iguanas
  A jelly (D:7)
  2 orc wizards (D:5)
  4 worker ants
  4 hell rats (Lair:2)
  A killer bee zombie (D:5)
  A hound zombie (D:8)
  A worker ant zombie (D:3)
  10 adders
  5 gnolls
  A howler monkey skeleton (D:4)
  A shadow imp (D:6)
  7 white imps (IceCv)
  6 ufetubi (IceCv)
  2 oozes
  8 worms
  An adder skeleton (D:4)
  3 dart slugs
  5 leopard geckos
  12 orcs
  3 ball pythons
  6 bats
  4 giant cockroaches
  11 goblins
  10 hobgoblins
  12 jackals
  4 quokkas
  3 frilled lizards (D:1)
  13 kobolds
  24 rats
307 creatures vanquished.

Vanquished Creatures (collateral kills)
  A wolf (Lair:3)
1 creature vanquished.

Vanquished Creatures (others)
  A reaper (IceCv)
  A slave (D:4)
  A worker ant (D:4)
  3 white imps (IceCv)
  3 ufetubi (IceCv)
  A leopard gecko skeleton (D:4)
  A fungus (Lair:2)
  3 plants
14 creatures vanquished.

Grand Total: 322 creatures vanquished

Notes
Turn   | Place    | Note
-------+----------+-------------------------------------------
     0 | D:1      | MisterOstroum the Gnoll Transmuter began the quest for the
                  | Orb.
     0 | D:1      | Reached XP level 1. HP: 17/17 MP: 6/6
   208 | D:1      | Reached XP level 2. HP: 23/23 MP: 5/7
   229 | D:1      | Learned a level 2 spell: Sticks to Snakes
   664 | D:1      | Reached XP level 3. HP: 21/28 MP: 7/9
   780 | D:1      | Reached skill level 5 in Spellcasting
   788 | D:1      | Learned a level 3 spell: Spider Form
  1260 | D:1      | Reached skill level 1 in Invocations
  1619 | D:2      | Found a sacrificial altar of Ru.
  1729 | D:2      | Reached skill level 1 in Short Blades
  1729 | D:2      | Reached skill level 1 in Long Blades
  1729 | D:2      | Reached skill level 1 in Axes
  1729 | D:2      | Reached skill level 1 in Maces & Flails
  1729 | D:2      | Reached skill level 1 in Polearms
  1729 | D:2      | Reached skill level 1 in Staves
  1729 | D:2      | Reached skill level 1 in Slings
  1729 | D:2      | Reached skill level 1 in Bows
  1729 | D:2      | Reached skill level 1 in Crossbows
  1729 | D:2      | Reached skill level 1 in Throwing
  1729 | D:2      | Reached skill level 1 in Armour
  1729 | D:2      | Reached skill level 1 in Stealth
  1729 | D:2      | Reached skill level 1 in Shields
  1729 | D:2      | Reached skill level 1 in Evocations
  1963 | D:2      | Reached XP level 4. HP: 30/34 MP: 11/11
  2274 | D:2      | Noticed Sigmund
  2282 | D:2      | Killed Sigmund
  2282 | D:2      | Reached skill level 1 in Conjurations
  2282 | D:2      | Reached skill level 1 in Hexes
  2282 | D:2      | Reached skill level 1 in Charms
  2282 | D:2      | Reached skill level 1 in Summonings
  2282 | D:2      | Reached skill level 1 in Necromancy
  2282 | D:2      | Reached skill level 1 in Translocations
  2282 | D:2      | Reached skill level 1 in Fire Magic
  2282 | D:2      | Reached skill level 1 in Ice Magic
  2282 | D:2      | Reached skill level 1 in Air Magic
  2282 | D:2      | Reached skill level 1 in Earth Magic
  2282 | D:2      | Reached skill level 1 in Poison Magic
  2282 | D:2      | Reached XP level 5. HP: 37/41 MP: 8/12
  2282 | D:2      | Reached XP level 6. HP: 43/47 MP: 8/13
  2478 | D:2      | Learned a level 4 spell: Ice Form
  2484 | D:2      | Learned a level 5 spell: Blade Hands
  3220 | D:3      | Found a corrupted altar of Lugonu.
  3221 | D:3      | Found a radiant altar of Vehumet.
  3236 | D:3      | Reached skill level 5 in Dodging
  3283 | D:4      | Found Cueqe Cysuth's Distillery.
  3339 | D:4      | Found a staircase to the Ecumenical Temple.
  3351 | Temple   | Entered the Ecumenical Temple
  3491 | Temple   | Became a worshipper of Sif Muna the Loreminder
  3523 | D:4      | Noticed a slave
  3533 | Temple   | Killed a slave
  3721 | D:4      | Found Liquets's Armour Boutique.
  3744 | D:4      | Noticed Pikel
  3755 | D:4      | Noticed a slave
  3756 | D:4      | Noticed a slave
  3772 | D:4      | Killed Pikel
  3772 | D:4      | Reached * piety under Sif Muna
  3772 | D:4      | Reached XP level 7. HP: 18/53 MP: 10/15
  3772 | D:4      | Reached XP level 8. HP: 20/60 MP: 10/16
  4197 | D:4      | Noticed a moth of wrath
  4200 | D:4      | Found a bloodstained altar of Trog.
  4419 | D:4      | Found a shimmering altar of Xom.
  4740 | D:5      | Entered Level 5 of the Dungeon
  4784 | D:5      | Identified Sif Muna's Handbook of Talismans and
                  | Weightlessness (Sif Muna gifted it to you on level 5 of the
                  | Dungeon)
  4784 | D:5      | Received a gift from Sif Muna
  4846 | D:5      | Found a runed translucent gate.
  4846 | D:5      | Found a runed translucent gate.
  4846 | D:5      | Found a runed translucent gate.
  4847 | D:5      | Noticed Quickbrownfox's ghost (novice OpAc)
  4868 | D:5      | Noticed yrara's ghost (novice DsFi)
  4952 | D:5      | Killed yrara's ghost
  4958 | D:5      | Killed Quickbrownfox's ghost
  4958 | D:5      | Reached skill level 5 in Transmutations
  4958 | D:5      | Reached XP level 9. HP: 38/66 MP: 14/18
  5196 | D:5      | Found a bloodstained altar of Trog.
  5812 | D:4      | Bought a +0 helmet for 54 gold pieces
  5972 | D:5      | Reached skill level 5 in Fighting
  6501 | D:6      | Reached skill level 5 in Invocations
  6832 | D:6      | Found a sacrificial altar of Ru.
  6913 | D:6      | Found a runed translucent door.
  6918 | D:6      | Noticed Quickbrownfox's ghost (novice MiAc)
  7156 | D:6      | Killed Quickbrownfox's ghost
  7156 | D:6      | Reached skill level 5 in Short Blades
  7156 | D:6      | Reached XP level 10. HP: 27/74 MP: 15/20
  7452 | D:7      | Noticed Duvessa
  7457 | D:7      | Noticed Dowan
  7460 | D:7      | Killed Duvessa
  7469 | D:7      | Killed Dowan
  7489 | D:7      | Reached skill level 5 in Long Blades
  7489 | D:7      | Reached skill level 5 in Axes
  7489 | D:7      | Reached skill level 5 in Maces & Flails
  7489 | D:7      | Reached skill level 5 in Polearms
  7489 | D:7      | Reached skill level 5 in Staves
  7489 | D:7      | Reached skill level 5 in Slings
  7489 | D:7      | Reached skill level 5 in Bows
  7489 | D:7      | Reached skill level 5 in Crossbows
  7489 | D:7      | Reached skill level 5 in Throwing
  7489 | D:7      | Reached skill level 5 in Armour
  7489 | D:7      | Reached skill level 5 in Stealth
  7489 | D:7      | Reached skill level 5 in Shields
  7489 | D:7      | Reached skill level 5 in Evocations
  7502 | D:7      | Found Onuz's Jewellery Shoppe.
  7506 | D:7      | Found an opulent altar of Gozag.
  7651 | D:7      | Received a gift from Sif Muna
  7676 | D:7      | Found a hide-covered altar of Uskayaw.
  7848 | D:7      | Found a stormy altar of Qazlal.
  7949 | D:8      | Reached ** piety under Sif Muna
  8125 | D:8      | Found a staircase to the Lair.
  8158 | D:8      | Noticed a manticore
  8168 | D:8      | Killed a manticore
  9289 | D:8      | Reached XP level 11. HP: 66/82 MP: 20/22
  9695 | Lair:1   | Entered Level 1 of the Lair of Beasts
  9740 | Lair:1   | Found a frozen archway.
  9812 | IceCv    | Entered an ice cave
  9876 | IceCv    | Reached skill level 5 in Conjurations
  9876 | IceCv    | Reached skill level 5 in Hexes
  9876 | IceCv    | Reached skill level 5 in Charms
  9876 | IceCv    | Reached skill level 5 in Summonings
  9876 | IceCv    | Reached skill level 5 in Necromancy
  9876 | IceCv    | Reached skill level 5 in Translocations
  9876 | IceCv    | Reached skill level 5 in Fire Magic
  9876 | IceCv    | Reached skill level 5 in Ice Magic
  9876 | IceCv    | Reached skill level 5 in Air Magic
  9876 | IceCv    | Reached skill level 5 in Earth Magic
  9876 | IceCv    | Reached skill level 5 in Poison Magic
  9900 | IceCv    | Identified Sif Muna's Papyrus of the Mantidfly (Sif Muna
                  | gifted it to you in an ice cave)
  9900 | IceCv    | Received a gift from Sif Muna
 10031 | IceCv    | Killed a reaper
 11242 | Lair:1   | Got a twisted rapier
 11960 | Lair:2   | Found a transporter.
 11960 | Lair:2   | Noticed dragosica's ghost (journeyman MiFi)
 11962 | Lair:2   | Found a hole to the Spider Nest.
 11989 | Lair:2   | Reached XP level 12. HP: 53/91 MP: 24/24
 12425 | Lair:2   | Found a transporter.
 12431 | Lair:2   | Noticed a six-headed hydra
 12436 | Lair:2   | Killed a six-headed hydra
 13876 | Lair:3   | Reached *** piety under Sif Muna
 13960 | Lair:3   | Noticed a catoblepas
 14124 | Lair:3   | Noticed an eight-headed hydra
 14162 | Lair:3   | Killed a catoblepas
 14424 | Lair:3   | Identified Sif Muna's Collected Works on Self-Knowledge and
                  | Arcane Weapons (Sif Muna gifted it to you on level 3 of the
                  | Lair of Beasts)
 14424 | Lair:3   | Received a gift from Sif Muna
 14857 | Lair:4   | Noticed Nergalle
 14867 | Lair:4   | Killed Nergalle
 14867 | Lair:4   | Reached skill level 10 in Unarmed Combat
 14939 | Lair:4   | Found a runed translucent gate.
 14940 | Lair:4   | Found a runed translucent gate.
 14941 | Lair:4   | Found a runed translucent gate.
 15314 | Lair:4   | Found a staircase to the Shoals.
 15756 | Lair:4   | Noticed Tunlugh's ghost (adept GrEE)
 16464 | Lair:5   | Reached skill level 10 in Short Blades
 16464 | Lair:5   | Reached XP level 13. HP: 98/98 MP: 26/26
 16474 | Lair:5   | HP: 4/98 [yak[a torpor snail] (4)]
 16474 | Lair:5   | Mangled by a yak

Skill      XL: |  1  2  3  4  5  6  7  8  9 10 11 12 |
---------------+-------------------------------------+-----
Spellcasting   | 5 6 7 8 9 |  9.2
Invocations    | 1 3 4 5 6 7 8 |  8.4
Short Blades   | 1 2 3 5 6 8 10 | 10.0
Long Blades    | 1 2 3 4 5 6 7 |  7.7
Axes           | 1 2 3 4 5 6 7 |  7.7
Maces & Flails | 1 2 3 4 5 6 7 |  7.7
Polearms       | 1 2 3 4 5 6 7 |  7.7
Staves         | 1 2 3 4 5 6 7 |  7.7
Slings         | 1 2 3 4 5 6 7 |  7.7
Bows           | 1 2 3 4 5 6 7 |  7.7
Crossbows      | 1 2 3 4 5 6 7 |  7.7
Throwing       | 1 2 3 4 5 6 7 |  7.7
Armour         | 1 2 3 4 5 6 7 |  7.7
Stealth        | 1 2 3 4 5 6 7 |  7.7
Shields        | 1 2 3 4 5 6 7 |  7.7
Evocations     | 1 2 3 4 5 6 7 |  7.7
Fighting       | 3 4 5 6 7 8 |  8.2
Conjurations   | 1 2 3 4 5 6 |  6.4
Hexes          | 1 2 3 4 5 6 |  6.4
Charms         | 1 2 3 4 5 6 |  6.4
Summonings     | 1 2 3 4 5 6 |  6.4
Necromancy     | 1 2 3 4 5 6 |  6.4
Translocations | 1 2 3 4 5 6 |  6.4
Transmutations | 4 5 6 7 |  7.5
Fire Magic     | 1 2 3 4 5 6 |  6.4
Ice Magic      | 1 2 3 4 5 6 |  6.4
Air Magic      | 1 2 3 4 5 6 |  6.4
Earth Magic    | 1 2 3 4 5 6 |  6.4
Poison Magic   | 1 2 3 4 5 6 |  6.4
Dodging        | 5 6 7 8 9 |  9.0
Unarmed Combat | 7 8 9 10 | 10.1

Action                   |  1- 3 |  4- 6 |  7- 9 | 10-12 | 13-15 || total
-------------------------+-------+-------+-------+-------+-------++-------
Melee: Unarmed           |    88 |   146 |   231 |   563 |     8 ||  1036
       Kick              |     8 |     1 |       |       |       ||     9
       Bite              |     3 |     3 |     2 |     7 |     2 ||    17
       Headbutt          |     2 |     1 |       |       |       ||     3
       Punch             |     1 |     1 |       |     2 |       ||     4
Throw: Stone             |       |       |     4 |       |       ||     4
       Tomahawk          |       |       |     1 |       |       ||     1
 Cast: Beastly Appendage |    16 |     5 |     1 |       |       ||    22
       Spider Form       |     2 |    12 |     3 |     1 |       ||    18
       Ice Form          |       |     1 |     2 |     7 |       ||    10
       Blade Hands       |       |       |     2 |     6 |     1 ||     9
       Sticks to Snakes  |       |       |       |     8 |       ||     8
Invok: Divine Energy     |       |       |     1 |       |       ||     1
 Abil: End Transformatio |       |       |     3 |     4 |       ||     7
Evoke: Wand              |       |       |       |     1 |       ||     1
  Use: Scroll            |       |       |     3 |    16 |       ||    19
       Potion            |       |       |       |     1 |       ||     1
 Stab: Sleeping          |     4 |     2 |    13 |    18 |       ||    37
       Distracted        |     1 |       |       |       |       ||     1
       Petrifying        |       |       |       |     1 |       ||     1
  Eat: Chunk             |     3 |     7 |    10 |    19 |       ||    39
       Ration            |       |       |     1 |     3 |     1 ||     5
Armor: Robe              |    15 |     7 |     1 |     1 |       ||    24
       Skin              |       |     1 |     7 |   110 |       ||   118
       Leather armour    |       |       |       |       |     1 ||     1
Dodge: Dodged            |    63 |   119 |   174 |   543 |    15 ||   914
